IL
LEHIGH VALLEY IRONPIGS @ MEMPHIS REDBIRDS
04/11/2048
 
TOP OF THE 1ST
Lehigh Valley IronPigs batting - Pitching for Memphis Redbirds : RHP Paul Schwartz
Pitching: RHP Paul Schwartz
Batting: LHB Theodore Conboy 0-0: Called Strike
0-1: Ball
1-1: Ball
2-1: Ground out 6-3 (Groundball, 6M, EV 83.8 MPH)
Batting: RHB Mark Schultz 0-0: Ball
1-0: Ball
2-0: Foul Ball, location: 2F
2-1: Swinging Strike
2-2: Ball
3-2: Ground out 5-3 (Groundball, 56, EV 81.9 MPH)
Batting: RHB Carlos Morejon 0-0: Ground out 5-3 (Groundball, 5L, EV 81.2 MPH)
Top of the 1st over - 0 runs, 0 hits, 0 errors, 0 left on base; Lehigh Valley 0 - Memphis 0
BOTTOM OF THE 1ST
Memphis Redbirds batting - Pitching for Lehigh Valley IronPigs : RHP Marcos Tapia
Pitching: RHP Marcos Tapia
Batting: RHB Joe Smack 0-0: Called Strike
0-1: Ball
1-1: Ground out 5-3 (Groundball, 5, EV 78.1 MPH)
Batting: SHB Dan Lash 0-0: Called Strike
0-1: Ball
1-1: Ball
2-1: Ball
3-1: SINGLE (Groundball, 4MD, EV 105.6 MPH)
Batting: RHB Jeff Brower 0-0: Ball
1-0: Foul Ball, location: 2F
1-1: SINGLE (Groundball, 6MD, EV 95.0 MPH)
Dan Lash to second
Batting: LHB Kyle Schaible 0-0: Fielders Choice at 2nd, 1-6 (Groundball, 34S, EV 63.1 MPH)
Dan Lash to third
Batting: RHB Danny Gallo 0-0: Called Strike
0-1: Foul Ball, location: 2F
0-2: Strikes out swinging
Bottom of the 1st over - 0 runs, 2 hits, 0 errors, 2 left on base; Lehigh Valley 0 - Memphis 0
TOP OF THE 2ND
Lehigh Valley IronPigs batting - Pitching for Memphis Redbirds : RHP Paul Schwartz
Batting: LHB Josh George 0-0: Foul Ball, location: 2F
0-1: Ball
1-1: Called Strike
1-2: Strikes out swinging
Batting: SHB Marco de Leon 0-0: Ground out 3-1 (Groundball, 34S, EV 81.2 MPH)
Batting: SHB Benjamin Brown 0-0: Fly out, F7 (Flyball, 7D, EV 95.6 MPH)
Top of the 2nd over - 0 runs, 0 hits, 0 errors, 0 left on base; Lehigh Valley 0 - Memphis 0
BOTTOM OF THE 2ND
Memphis Redbirds batting - Pitching for Lehigh Valley IronPigs : RHP Marcos Tapia
Batting: LHB Ronnie Ashley 0-0: Called Strike
0-1: Ball
1-1: Swinging Strike
1-2: Strikes out swinging, 2-3 out at first.
Batting: RHB Josh Martin 0-0: Ball
1-0: Foul Ball, location: 2F
1-1: Called Strike
1-2: Fly out, F9 (Flyball, 89M, EV 84.4 MPH)
Batting: LHB Adam Eisen 0-0: Ball
1-0: Called Strike
1-1: Swinging Strike
1-2: Strikes out swinging
Bottom of the 2nd over - 0 runs, 0 hits, 0 errors, 0 left on base; Lehigh Valley 0 - Memphis 0
TOP OF THE 3RD
Lehigh Valley IronPigs batting - Pitching for Memphis Redbirds : RHP Paul Schwartz
Batting: RHB Moritake Fukumoto 0-0: Called Strike
0-1: Called Strike
0-2: Ball
1-2: Foul Ball, location: 2F
1-2: Ground out 2-3 (Groundball, 15S, EV 71.2 MPH)
Batting: RHB Kyle Reilly 0-0: Ball
1-0: Ground out 5-3 (Groundball, 56, EV 92.5 MPH)
Batting: RHB Bill Moldenhauer 0-0: Ball
1-0: Ball
2-0: Called Strike
2-1: Foul Ball, location: 2F
2-2: Strikes out looking
Top of the 3rd over - 0 runs, 0 hits, 0 errors, 0 left on base; Lehigh Valley 0 - Memphis 0
BOTTOM OF THE 3RD
Memphis Redbirds batting - Pitching for Lehigh Valley IronPigs : RHP Marcos Tapia
Batting: RHB Dave Cluster 0-0: Ball
1-0: Ball
2-0: Called Strike
2-1: Ball
3-1: SINGLE (Groundball, 56D, EV 99.4 MPH)
Batting: RHB Joe Smack 0-0: Hit by Pitch
Dave Cluster to second
Batting: SHB Dan Lash 0-0: Ball
1-0: Ball
2-0: Called Strike
2-1: Foul Ball, location: 2F
2-2: Strikes out swinging
Batting: RHB Jeff Brower 0-0: Ball
1-0: Swinging Strike
1-1: Ball
2-1: Swinging Strike
2-2: Strikes out swinging
Batting: LHB Kyle Schaible 0-0: Ball
1-0: Fly out, F8 (Flyball, 78M, EV 85.0 MPH)
Bottom of the 3rd over - 0 runs, 1 hit, 0 errors, 2 left on base; Lehigh Valley 0 - Memphis 0
TOP OF THE 4TH
Lehigh Valley IronPigs batting - Pitching for Memphis Redbirds : RHP Paul Schwartz
Batting: LHB Theodore Conboy 0-0: Ground out 4-3 (Groundball, 4, EV 83.1 MPH)
Batting: RHB Mark Schultz 0-0: Foul Ball, location: 2F
0-1: Foul Ball, location: 2F
0-2: Fly out, F5 (Line Drive, 5L, EV 73.8 MPH)
Batting: RHB Carlos Morejon 0-0: Ball
1-0: Called Strike
1-1: Ground out 1-3 (Groundball, P, EV 62.5 MPH)
Top of the 4th over - 0 runs, 0 hits, 0 errors, 0 left on base; Lehigh Valley 0 - Memphis 0
BOTTOM OF THE 4TH
Memphis Redbirds batting - Pitching for Lehigh Valley IronPigs : RHP Marcos Tapia
Batting: RHB Danny Gallo 0-0: Ball
1-0: Ball
2-0: Foul Ball, location: 2F
2-1: Called Strike
2-2: Foul Ball, location: 2F
2-2: Ball
3-2: Base on Balls
Batting: LHB Ronnie Ashley 0-0: Called Strike
0-1: Foul Ball, location: 2F
0-2: Ball
1-2: Ball
2-2: Ground out 4-3 (Groundball, 34D, EV 91.9 MPH)
Danny Gallo to second
Batting: RHB Josh Martin 0-0: Called Strike
0-1: Ball
1-1: Ball
2-1: Ball
3-1: Foul Ball, location: 2F
3-2: Base on Balls
Batting: LHB Adam Eisen 0-0: Ball
1-0: Ball
2-0: Foul Ball, location: 2F
2-1: Fielders Choice at 2nd, U6 (Groundball, 4M, EV 85.0 MPH)
Danny Gallo to third
Batting: RHB Dave Cluster 0-0: Called Strike
0-1: Fielders Choice at 2nd, 6-4 (Groundball, 6, EV 83.8 MPH)
Bottom of the 4th over - 0 runs, 0 hits, 0 errors, 2 left on base; Lehigh Valley 0 - Memphis 0
TOP OF THE 5TH
Lehigh Valley IronPigs batting - Pitching for Memphis Redbirds : RHP Paul Schwartz
Batting: LHB Josh George 0-0: Foul Ball, location: 2F
0-1: Fly out, F9 (Line Drive, 9LM, EV 96.9 MPH)
Batting: SHB Marco de Leon 0-0: Called Strike
0-1: Ball
1-1: Ball
2-1: Foul Ball, location: 2F
2-2: Foul Ball, location: 2F
2-2: SINGLE (Line Drive, 4MD, EV 104.4 MPH)
Batting: SHB Benjamin Brown 0-0: Ball
1-0: Called Strike
1-1: SINGLE (Groundball, 25, EV 69.4 MPH) (infield hit)
Marco de Leon to second
Batting: RHB Moritake Fukumoto 0-0: Ball
1-0: Foul Ball, location: 2F
1-1: Foul Ball, location: 2F
1-2: Ball
2-2: Ball
3-2: Foul Ball, location: 2F
3-2: Strikes out swinging
Batting: RHB Kyle Reilly 0-0: Called Strike
0-1: Ball
1-1: Swinging Strike
1-2: Strikes out swinging
Top of the 5th over - 0 runs, 2 hits, 0 errors, 2 left on base; Lehigh Valley 0 - Memphis 0
BOTTOM OF THE 5TH
Memphis Redbirds batting - Pitching for Lehigh Valley IronPigs : RHP Marcos Tapia
Batting: RHB Joe Smack 0-0: SINGLE (Line Drive, 4D, EV 103.8 MPH)
Batting: SHB Dan Lash 0-0: Ball
1-0: Foul Ball, location: 2F
1-1: Called Strike
Joe Smack steals 2nd base (no throw)
1-2: Ball
2-2: Ground out 4-3 (Groundball, 4S, EV 88.1 MPH)
Joe Smack to third
Batting: RHB Jeff Brower 0-0: Foul Ball, location: 2F
0-1: Fly out, F7 (Flyball, 78S, EV 86.9 MPH)
Runner from 3rd tags up, OUT at HOME! 7-2
Bottom of the 5th over - 0 runs, 1 hit, 0 errors, 0 left on base; Lehigh Valley 0 - Memphis 0
TOP OF THE 6TH
Lehigh Valley IronPigs batting - Pitching for Memphis Redbirds : RHP Paul Schwartz
Batting: RHB Bill Moldenhauer 0-0: Ball
1-0: Foul Ball, location: 2F
1-1: Foul Ball, location: 2F
1-2: Reached on error, E6 (Groundball, 56D, EV 103.1 MPH)
Batting: LHB Theodore Conboy 0-0: Ball
1-0: Ball
2-0: Swinging Strike
2-1: Swinging Strike
2-2: Ball
3-2: Strikes out swinging
Batting: RHB Mark Schultz 0-0: Ball
1-0: Ball
2-0: Fly out, F7 (Flyball, 7, EV 92.5 MPH)
Batting: RHB Carlos Morejon 0-0: Ball
1-0: Ball
2-0: Called Strike
2-1: SINGLE (Line Drive, 3D, EV 96.2 MPH)
Bill Moldenhauer to second
Runner from 2nd tries for 3rd, SAFE, throw by RF made to third
Pinch Runner at 3rd Victor Arroyo:
Batting: LHB Josh George 0-0: Ground out 4-3 (Groundball, 34S, EV 78.1 MPH)
Top of the 6th over - 0 runs, 1 hit, 1 error, 2 left on base; Lehigh Valley 0 - Memphis 0
BOTTOM OF THE 6TH
Memphis Redbirds batting - Pitching for Lehigh Valley IronPigs : RHP Marcos Tapia
Now at 3B: Moritake Fukumoto
Now in RF: Alberto Ramirez
Batting: LHB Kyle Schaible 0-0: Ball
1-0: Called Strike
1-1: Ball
2-1: SINGLE (Groundball, 6D, EV 105.0 MPH)
Batting: RHB Danny Gallo 0-0: Fielders Choice at 2nd, 1-6 (Groundball, 13S, EV 65.0 MPH)
Batting: LHB Ronnie Ashley 0-0: Ball
1-0: Grounds into double play, 4-6-3 (Groundball, 4, EV 83.8 MPH)
Bottom of the 6th over - 0 runs, 1 hit, 0 errors, 0 left on base; Lehigh Valley 0 - Memphis 0
TOP OF THE 7TH
Lehigh Valley IronPigs batting - Pitching for Memphis Redbirds : RHP Paul Schwartz
Batting: SHB Marco de Leon 0-0: Called Strike
0-1: Swinging Strike
0-2: Ball
1-2: Foul Ball, location: 2F
1-2: Ball
2-2: Ball
3-2: Fly out, F7 (Line Drive, 7S, EV 92.5 MPH)
Batting: SHB Benjamin Brown 0-0: Ball
1-0: Ball
2-0: Called Strike
2-1: SINGLE (Groundball, 25, EV 63.8 MPH) (infield hit)
Batting: RHB Moritake Fukumoto 0-0: Called Strike
Benjamin Brown steals 2nd, throwing error, E2
Benjamin Brown to third
0-1: Ball
1-1: Ball
2-1: Ball
3-1: SINGLE (Flyball, 8RM, EV 99.4 MPH)
Benjamin Brown scores
Pitching: RHP Phil Feldscher
Batting: RHB Kyle Reilly 0-0: Ball
1-0: Ball
2-0: Called Strike
2-1: Ball
3-1: Fly out, F7 (Line Drive, 7S, EV 97.5 MPH)
Batting: RHB Alberto Ramirez 0-0: Fly out, F7 (Line Drive, 78D, EV 93.8 MPH)
Top of the 7th over - 1 run, 2 hits, 1 error, 1 left on base; Lehigh Valley 1 - Memphis 0
BOTTOM OF THE 7TH
Memphis Redbirds batting - Pitching for Lehigh Valley IronPigs : RHP Marcos Tapia
Batting: RHB Josh Martin 0-0: Swinging Strike
0-1: Ball
1-1: Ball
2-1: Ball
3-1: Base on Balls
Batting: LHB Adam Eisen 0-0: Ball
1-0: Ball
Josh Martin steals 2nd base
2-0: Fly out, F8 (Flyball, 8RD, EV 105.6 MPH)
Pinch Hitting: LHB John Bailey 0-0: Called Strike
0-1: Ball
1-1: Foul Ball, location: 2F
1-2: Fly out, F4 (Popup, 4M, EV 54.4 MPH)
Batting: RHB Joe Smack 0-0: Ball
1-0: Foul Ball, location: 2F
1-1: Foul Ball, location: 2F
1-2: Ball
2-2: Ball
3-2: Base on Balls
Pitching: LHP Ignacio Amaya
Batting: SHB Dan Lash 0-0: Called Strike
0-1: Called Strike
0-2: Ground out U3 (Groundball, 34S, EV 68.8 MPH)
Bottom of the 7th over - 0 runs, 0 hits, 0 errors, 2 left on base; Lehigh Valley 1 - Memphis 0
TOP OF THE 8TH
Lehigh Valley IronPigs batting - Pitching for Memphis Redbirds : RHP Phil Feldscher
Now at 3B: John Bailey
Batting: LHB Theodore Conboy 0-0: Ball
1-0: SINGLE (Groundball, 56D, EV 104.4 MPH)
Batting: RHB Mark Schultz 0-0: Bunted foul
0-1: Sac Bunt to 25 - play at first, batter OUT! 5-3
Theodore Conboy to second
Batting: LHB Jose Carlos 0-0: Foul Ball, location: 2F
0-1: Ball
1-1: Called Strike
1-2: Strikes out swinging
Batting: LHB Josh George 0-0: Called Strike
0-1: Foul Ball, location: 2F
0-2: 2-RUN HOME RUN (Flyball, 9D, EV 108.8 MPH), Distance : 422 ft
Batting: SHB Marco de Leon 0-0: Ball
1-0: Ball
2-0: Ball
3-0: Base on Balls
Batting: SHB Benjamin Brown 0-0: Fly out, F7 (Flyball, 78D, EV 90.6 MPH)
Top of the 8th over - 2 runs, 2 hits, 0 errors, 1 left on base; Lehigh Valley 3 - Memphis 0
BOTTOM OF THE 8TH
Memphis Redbirds batting - Pitching for Lehigh Valley IronPigs : LHP Ignacio Amaya
Batting: RHB Jeff Brower 0-0: Foul Ball, location: 2F
0-1: Swinging Strike
0-2: Ball
1-2: Strikes out swinging
Batting: LHB Kyle Schaible 0-0: Ball
1-0: Swinging Strike
1-1: Swinging Strike
1-2: Foul Ball, location: 2F
1-2: Foul Ball, location: 2F
1-2: Fly out, F6 (Flyball, 6MD, EV 86.2 MPH)
Batting: RHB Danny Gallo 0-0: Ball
1-0: Called Strike
1-1: Ground out 5-3 (Groundball, 56S, EV 68.1 MPH)
Bottom of the 8th over - 0 runs, 0 hits, 0 errors, 0 left on base; Lehigh Valley 3 - Memphis 0
TOP OF THE 9TH
Lehigh Valley IronPigs batting - Pitching for Memphis Redbirds : RHP Phil Feldscher
Batting: RHB Moritake Fukumoto 0-0: Called Strike
0-1: Called Strike
0-2: Fly out, F3 (Popup, 34S, EV 70.0 MPH)
Batting: RHB Kyle Reilly 0-0: Ball
1-0: Ball
2-0: Ball
3-0: Base on Balls
Batting: RHB Alberto Ramirez 0-0: Ball
1-0: Swinging Strike
Kyle Reilly is caught stealing 2nd base 2-4
1-1: Fly out, F7 (Flyball, 7S, EV 87.5 MPH)
Top of the 9th over - 0 runs, 0 hits, 0 errors, 0 left on base; Lehigh Valley 3 - Memphis 0
BOTTOM OF THE 9TH
Memphis Redbirds batting - Pitching for Lehigh Valley IronPigs : LHP Ignacio Amaya
Pitching: RHP Andy Burchfield
Batting: LHB Ronnie Ashley 0-0: Ball
1-0: Called Strike
1-1: Foul Ball, location: 2F
1-2: Strikes out swinging
Batting: RHB Josh Martin 0-0: Ball
1-0: Ground out 5-3 (Groundball, 56S, EV 89.4 MPH)
Batting: LHB Adam Eisen 0-0: Ball
1-0: Ground out 4-3 (Groundball, 4, EV 85.6 MPH)
Bottom of the 9th over - 0 runs, 0 hits, 0 errors, 0 left on base; Lehigh Valley 3 - Memphis 0
Tuesday, March 28th , 2023 - OOTP Baseball 23.10 Build 110